 Dungeon Crawl Stone Soup version 0.29.1-1-gd02db6906a (webtiles) character file.

Game seed: 18044770051012899871

32 RKaid the Shooter (level 3, -2/21 HPs)
             Began as a Deep Elf Hunter on Sept 18, 2022.
             Slain by Robin
             ... wielding a +0 spear
              (4 damage)
             ... on level 2 of the Dungeon.
             The game lasted 00:01:02 (828 turns).

RKaid the Shooter (Deep Elf Hunter)                  Turns: 828, Time: 00:01:03

Health: -2/21      AC:  3    Str:  8    XL:     3   Next: 10%
Magic:  5/5        EV: 13    Int: 13    God:
Gold:   58         SH:  0    Dex: 20    Spells: 2/2 levels left

rFire   . . .      SeeInvis .   a - +0 shortbow
rCold   . . .      Faith    .   (shield currently unavailable)
rNeg    . . .      Spirit   .   c - +0 leather armour
rPois   .          Reflect  .   (no helmet)
rElec   .          Harm     .   (no cloak)
rCorr   .          Rampage  .   (no gloves)
Will    .....                   (no boots)
Stlth   ++........              (no amulet)
HPRegen 0.07/turn               (no ring)
MPRegen 0.09/turn               (no ring)

@: no status effects
A: no striking features
a: no special abilities


You were on level 2 of the Dungeon.
You visited 1 branch of the dungeon, and saw 2 of its levels.

You collected 58 gold pieces.

Inventory:

Hand Weapons
 a - a +0 shortbow (weapon)
Armour
 c - a +0 leather armour (worn)
Wands
 D - a wand of digging (7)
   (You took it off a goblin on level 2 of the Dungeon)
Scrolls
 b - a scroll of immolation {!r}
 g - 2 scrolls of enchant armour {unknown}
 h - a scroll of fear {unknown}
Potions
 d - 2 potions of haste {unknown}
 e - a potion of heal wounds {unknown}
 f - 2 potions of curing {unknown}


   Skills:
 + Level 1.8 Fighting
 * Level 5.7 Ranged Weapons
 * Level 3.2 Dodging
 + Level 2.0 Stealth


You had 2 spell levels left.
You didn't know any spells.
Your spell library was empty.

Dungeon Overview and Level Annotations

Branches:
Dungeon (2/15)

Altars:

Annotations:
D:2 Robin


Message History

You shoot an arrow. The arrow hits the hobgoblin!
You kill the hobgoblin!
No target in view!
No target in view!
No target in view!
No target in view!
No target in view!
A goblin comes into view.
It is wielding a +0 club and carrying a wand of digging (7).
You shoot an arrow. The arrow hits the goblin!
You kill the goblin!
No target in view!
No target in view!
No target in view!
No target in view!
No target in view!
No target in view!
No target in view!
No target in view!
No target in view!
No target in view!
An adder comes into view.
An adder is nearby!
You shoot an arrow. The arrow closely misses the adder.
You shoot an arrow. The arrow misses the adder.
You shoot an arrow. The arrow closely misses the adder.
The adder bites you.
You shoot an arrow. The arrow misses the adder.
The adder barely misses you. The adder closely misses you.
You shoot an arrow. The arrow hits the adder!
The adder barely misses you. The adder bites you.
You shoot an arrow. The arrow closely misses the adder.
The adder bites you but does no damage.
You shoot an arrow. The arrow hits the adder!
You kill the adder!
Your Dodging skill increases to level 3!
D - a wand of digging (7)
Things that are here:
a +0 club; a goblin corpse
Things that are here:
a +0 club; a goblin corpse
f - 2 black potions (gained 1)
A kobold comes into view. It is wielding a +0 short sword.
You shoot an arrow.
The arrow hits the kobold but does no damage.
The kobold shouts!
You hear a shout! x7
A goblin comes into view. It is wielding a +0 club.
A goblin comes into view. It is wielding a +0 dagger.
You hear a shout! x2; You hear an angry hiss.
You shoot an arrow. The goblin shouts! x2
The arrow hits the goblin.
A rat comes into view.
A ball python comes into view.
You shoot an arrow. The arrow hits the goblin!
You kill the goblin!
You shoot an arrow. The arrow hits the goblin.
You kill the goblin!
A goblin comes into view. It is wielding a +0 club.
Your Stealth skill increases to level 2!
You shoot an arrow. The arrow hits the rat.
You kill the rat!
A hobgoblin comes into view.
A goblin comes into view. It is wielding a +0 club.
You have reached level 3!
Your experience leads to an increase in your attributes!
Increase (s)trength, (i)ntelligence, or (d)exterity?
You feel agile. x2
Robin of the Strong Arm comes into view.
They are wielding a +0 spear.
The goblin attacks as you move away! The goblin misses you.
Found an escape hatch in the floor.
You shoot an arrow. The arrow hits the goblin!
You kill the goblin!
You hear a shout! x2
You shoot an arrow. The arrow hits the hobgoblin!
You kill the hobgoblin!
You shoot an arrow. The arrow closely misses the kobold.
The kobold hits you with a +0 short sword. x2
Robin throws the goblin at you!
You shoot an arrow. The arrow hits the goblin!
You kill the goblin!
The kobold barely misses you.
You shoot an arrow. The arrow barely misses the kobold.
Robin roars a battlecry!
The kobold barely misses you.
You hear a shout!
You shoot an arrow. The arrow completely misses the kobold.
You hear a shout!
Robin hits you from afar with a +0 spear.
The kobold hits you with a +0 short sword.
Robin hits you from afar with a +0 spear.
* * * LOW HITPOINT WARNING * * *
The kobold barely misses you.
You are too injured to fight recklessly!
You are too injured to fight recklessly!
You are too injured to fight recklessly!
Fire: a) +0 shortbow
Press: ? - help, Q - select action Shift-Dir - straight line, f/p - kobold
Aim: a kobold, wielding a +0 short sword (58% to hit)
You shoot an arrow. The arrow hits the kobold!
You kill the kobold!
Robin hits you from afar with a +0 spear.
You die...

<.r..# ####.# #.# ####.#
#. ... #.# #.# >.# #.#.#
#.# #.# #..###..#.# #.#
#.# ....#.#.#.###.##
##.##
...........##..)####...##
.........#.##.#......#...
#......)#.##...####...##
.#.. #@#.###### ##.##
#..?. #)#.##########.#
##..S.##g.............#
....)g)....############
##..#g####.# # #.# #.#
..# ###


You could see Robin.

Vanquished Creatures
  An adder (D:2)
  A ball python (D:1)
  3 giant cockroaches
  7 goblins
  3 hobgoblins
  A quokka (D:1)
  A frilled lizard (D:1)
  3 kobolds
  A rat (D:2)
21 creatures vanquished.

Notes
Turn   | Place    | Note
-------+----------+-------------------------------------------
     0 | D:1      | RKaid the Deep Elf Hunter began the quest for the Orb.
     0 | D:1      | Reached XP level 1. HP: 12/12 MP: 3/3
   132 | D:1      | Reached XP level 2. HP: 17/17 MP: 4/4
   713 | D:2      | Reached skill level 3 in Dodging
   818 | D:2      | Reached skill level 2 in Stealth
   819 | D:2      | Reached XP level 3. HP: 21/21 MP: 5/5
   819 | D:2      | Noticed Robin
   827 | D:2      | HP: 2/21 [Robin/+0 spear (5)]
   828 | D:2      | Slain by Robin

Illustrated notes

Levels and vault maps discovered:
D:1:      roderic_crossed_star, layout_rooms
D:2:      layout_loops_ring, hellmonk_ecumenical_altar_heavens_door,
          lightli_corner_chamber, uniq_robin

Skill      XL: |  1  2 |
---------------+-------+-----
Dodging        | 3 |  3.2
Stealth        | 2 |  2.0
Fighting       | |  1.8
Ranged Weapons | |  5.7

Action                   || total
-------------------------++-------
 Fire: Shortbow          ||    51
Armor: Leather armour    ||     8
Dodge: Dodged            ||    13

Table legend: (Time is in decaauts)
 A = Elapsed time spent in this place.
 B = Non-inter-level travel time spent in this place.
 C = Inter-level travel time spent in this place.
 D = Time resting spent in this place.
 E = Time spent auto-exploring this place.
 F = Levels seen in this place.
 G = Mean time per level.
                   A        B        C        D        E       F      G
               +--------+--------+--------+--------+--------+-----+--------+
         Total |    842 |    803 |     39 |    216 |    485 |   2 |  421.0 |
       Dungeon |    842 |    803 |     39 |    216 |    485 |   2 |  421.0 |
               +--------+--------+--------+--------+--------+-----+--------+

Top non-repeatable levels by time:
     D:1: 657 daAuts
     D:2: 184 daAuts

Table legend:
 A = Kills in this place as a percentage of kills in entire the game.
 B = Kills by you in this place as a percentage of kills by you in the entire game.
 C = Kills by friends in this place as a percentage of kills by friends in the entire game.
 D = Other kills in this place as a percentage of other kills in the entire game.
 E = Experience gained in this place as a percentage of experience gained in the entire game.
 F = Experience gained in this place divided by the number of levels of this place that you have seen.
                   A       B       C       D       E      F
               +-------+-------+-------+-------+-------+----------------------
         Total | 100.0 | 100.0 |   N/A |   N/A | 100.0 |  24.0
       Dungeon | 100.0 | 100.0 |   N/A |   N/A | 100.0 |  24.0
               +-------+-------+-------+-------+-------+----------------------
